 Dungeon Crawl Stone Soup version 0.27.1 (webtiles) character file.

Game seed: 6053558768354706870

2170 Revguard the Skirmisher (level 9, -3/71 HPs)
             Began as a Demonspawn Berserker on Aug 24, 2021.
             Was a Believer of Trog.
             Slain by Harold (22 damage)
             ... on level 7 of the Dungeon.
             The game lasted 00:15:38 (6300 turns).

Revguard the Skirmisher (Demonspawn Berserker)      Turns: 6300, Time: 00:15:39

Health: -3/71      AC:  9    Str: 20    XL:     9   Next: 11%
Magic:  9/9        EV: 14    Int:  8    God:    Trog [**....]
Gold:   311        SH:  4    Dex: 16    Spells: 8/8 levels left

rFire    . . .     SeeInvis .   b - +0 war axe
rCold    + . .     Faith    .   (no shield)
rNeg     . . .     Spirit   .   p - +1 leather armour {rC+}
rPois    +         Reflect  .   (helmet restricted)
rElec    .         Harm     .   r - +0 cloak
rCorr    .         Rampage  .   (no gloves)
Will     ++...                  (no boots)
Stlth    ++........             (no amulet)
HPRegen  1.21/turn              k - ring of poison resistance
MPRegen  0.11/turn              (no ring)

@: strong-willed (expiring), on berserk cooldown, regenerating (expiring),
hasted and slowed
A: horns 2, thin metallic scales 2, condensation shield, thin skeletal structure
1, MP-powered wands
a: Renounce Religion, Berserk, Trog's Hand


You were on level 7 of the Dungeon.
You worshipped Trog.
Trog was pleased with you.
You visited 1 branch of the dungeon, and saw 7 of its levels.

You collected 311 gold pieces.

Inventory:

Hand Weapons
 a - a +1 hand axe
 b - a +0 war axe (weapon)
Armour
 p - a +1 leather armour of cold resistance (worn)
 r - a +0 cloak (worn)
Jewellery
 k - a ring of poison resistance (left hand)
Wands
 g - a wand of digging (5)
Scrolls
 c - 4 scrolls of enchant weapon
 h - a scroll of fog
 j - 3 scrolls of teleportation
Potions
 d - 2 potions of brilliance
 i - a potion of flight


   Skills:
 + Level 6.7 Fighting
 + Level 6.1 Axes
 + Level 5.7 Armour
 + Level 5.7 Dodging


You had 8 spell levels left.
You didn't know any spells.
Your spell library was empty.

Dungeon Overview and Level Annotations

Branches:
Dungeon (7/15)             Temple (0/1) D:6

Altars:
Fedhas
Kikubaaqudgha
Nemelex Xobeh
Yredelemnul

Shops:
D:5 :

Annotations:
D:5 2 transporters, Malachi's ghost, novice HOFi
D:7 Harold


Innate Abilities, Weirdness & Mutations

You have a pair of horns on your head.
You are mostly covered in thin metallic scales. (AC +3)
A meltable shield of frost defends you. (SH +4)
You have a somewhat thin skeletal structure. (Dex +2, Stealth+)
You expend magic power (3 MP) to strengthen your wands.


Message History

You start resting.
You feel yourself speed up.
Menkaure, Prince of Dust comes into view.
Menkaure is nearby!
Found 10 gold pieces.
Found a stone staircase leading down.
Your skin crawls.
You feel strong-willed.
You recover from your berserk rage.
Menkaure shouts!
You hear a shout!
A red film seems to cover your vision as you go berserk!
You feel yourself moving faster!
You feel mighty! Menkaure barely misses you.
You slash Menkaure!
Menkaure is severely damaged.
Menkaure hits you but does no damage.
You slash Menkaure!
Menkaure is almost destroyed.
You slash Menkaure!
You destroy Menkaure!
Trog accepts your kill.
Trog appreciates your killing of a magic user.
Harold the Weathered comes into view.
He is wielding a +3 long sword of holy wrath.
Found a runed long sword.
You feel a strong urge to attack something.
Harold shouts!
You feel your anger nearly subside.
You are no longer berserk.
You are exhausted.
You feel yourself slow down.
You feel the effects of Trog's Hand fading.
Harold closely misses you.
You slash Harold!
Harold is lightly wounded.
Harold casts a spell at you.
You barely resist.
Harold hits you with a +3 long sword of holy wrath!
You convulse!
* * * LOW HITPOINT WARNING * * *
You feel yourself speed up.
Harold hits you with a +3 long sword of holy wrath!!
You die...

##..##.........
#..........##.....
#.####............ #.#
............. #####.#
####..###..... #...#.#
###..##.......
#.<.#.###...##........
#.........##....#.)...
#...#.######..@@...>..
#...)..# #..###.....
#...#..# .....# ....
####.....##.$## ..
.......... #<...##..#.
#...###.. # ###


You could see Harold.

Vanquished Creatures
  Pikel (D:4)
  Grinder (D:6)
  Menkaure (D:7)
  2 water moccasins
  A black bear (D:6)
  A sky beast (D:6)
  2 ogres
  A centaur (D:6)
  2 lemures (D:4)
  4 scorpions
  2 jellies (D:5)
  A gnoll shaman (D:5)
  A bullfrog skeleton (D:6)
  A centaur skeleton (D:4)
  An iguana (D:5)
  Natasha (thrice) (D:2)
  A killer bee zombie (D:6)
  A howler monkey skeleton (D:6)
  6 gnolls
  8 adders
  2 ufetubi
  An adder skeleton (D:4)
  3 worms
  6 orcs
  4 ball pythons
  8 bats
  6 endoplasms
  3 giant cockroaches (D:1)
  8 goblins
  4 hobgoblins
  2 jackals (D:5)
  5 quokkas
  5 frilled lizards
  6 kobolds
  8 rats
112 creatures vanquished.

Vanquished Creatures (others)
  9 fungi
  A plant (D:2)
10 creatures vanquished.

Grand Total: 122 creatures vanquished

Notes
Turn   | Place    | Note
-------+----------+-------------------------------------------
     0 | D:1      | Revguard the Demonspawn Berserker began the quest for the
                  | Orb.
     0 | D:1      | Reached XP level 1. HP: 18/18 MP: 1/1
   217 | D:1      | Gained mutation: You have a pair of small horns on your
                  | head. [demonic ancestry]
   217 | D:1      | Reached XP level 2. HP: 20/24 MP: 2/2
   435 | D:1      | Reached ** piety under Trog
   497 | D:1      | Gained mutation: You have a pair of horns on your head.
                  | [demonic ancestry]
   497 | D:1      | Reached XP level 3. HP: 29/29 MP: 3/3
   858 | D:2      | Noticed Natasha
   871 | D:2      | Killed Natasha
   872 | D:2      | Reached XP level 4. HP: 11/36 MP: 4/4
  1079 | D:2      | Noticed Natasha
  1085 | D:2      | Killed Natasha
  1226 | D:2      | Found a faded altar of an unknown god.
  1313 | D:2      | Noticed Natasha
  1323 | D:2      | Killed Natasha
  1324 | D:2      | Reached XP level 5. HP: 42/42 MP: 5/5
  1660 | D:2      | Gained mutation: You expend magic power (3 MP) to
                  | strengthen your wands. [potion of mutation]
  1660 | D:2      | Gained mutation: You have a somewhat thin skeletal
                  | structure. (Dex +2, Stealth+) [potion of mutation]
  2356 | D:4      | Noticed a lemure
  2356 | D:4      | Noticed a lemure
  2374 | D:4      | Killed a lemure
  2379 | D:4      | Killed a lemure
  2464 | D:4      | Noticed Pikel
  2464 | D:4      | Noticed a lemure
  2465 | D:4      | Noticed a lemure
  2480 | D:4      | Killed Pikel
  2481 | D:4      | Gained mutation: A meltable shield of frost defends you.
                  | (SH +4) [demonic ancestry]
  2481 | D:4      | Reached XP level 6. HP: 33/50 MP: 6/6
  2481 | D:4      | Gained mutation: You are partially covered in thin metallic
                  | scales. (AC +2) [demonic ancestry]
  2481 | D:4      | Reached XP level 7. HP: 36/55 MP: 7/7
  2731 | D:4      | Reached skill level 5 in Fighting
  3478 | D:5      | Entered Level 5 of the Dungeon
  3910 | D:5      | You fall into a shaft and drop 1 floor!
  4129 | D:6      | Reached skill level 5 in Axes
  4129 | D:6      | Gained mutation: You are mostly covered in thin metallic
                  | scales. (AC +3) [demonic ancestry]
  4129 | D:6      | Reached XP level 8. HP: 48/63 MP: 8/8
  4244 | D:6      | Found a blossoming altar of Fedhas.
  4427 | D:5      | Found a transporter.
  4429 | D:5      | Noticed Malachi's ghost (novice HOFi)
  4455 | D:5      | Found Jila's Book Shoppe.
  4469 | D:5      | Found a transporter.
  4570 | D:5      | Found an ancient bone altar of Kikubaaqudgha.
  4641 | D:5      | Found a basalt altar of Yredelemnul.
  4893 | D:6      | Found a staircase to the Ecumenical Temple.
  4925 | D:6      | Noticed Grinder
  4936 | D:6      | Killed Grinder
  4937 | D:6      | Reached skill level 5 in Armour
  4937 | D:6      | Reached skill level 5 in Dodging
  6236 | D:7      | Found a sparkling altar of Nemelex Xobeh.
  6260 | D:7      | Reached XP level 9. HP: 43/71 MP: 9/9
  6286 | D:7      | Noticed Menkaure
  6293 | D:7      | Killed Menkaure
  6295 | D:7      | Noticed Harold
  6300 | D:7      | Slain by Harold

Illustrated notes

Levels and vault maps discovered:
D:1:      onia_arrival_mini_maze_b, layout_rooms, serial_park_tiny_2
D:2:      layout_loops_cross, shapermc_ecumenical_altar_mp_urbaneastern,
          uniq_natasha
D:3:      layout_loops_cross, corexii_item_surrounded_by_moat
D:4:      layout_basic, minmay_cupped, uniq_pikel
D:5:      layout_cave_pools, mainiacjoe_overflow_chevrons, tgw_kikubaaqudgha,
          serial_shops, shop, gammafunk_ghost_arena, kennysheep_generic_room_2
D:6:      old_forge, layout_basic, fedhas_bush_and_centaur_altar,
          minmay_temple_entry_hall, uniq_grinder
D:7:      layout_rooms, lemuel_crystal_altar, serial_shops,
          nicolae_shop_waterfront, uniq_harold, uniq_joseph, uniq_menkaure

Skill      XL: |  1  2  3  4  5  6  7  8 |
---------------+-------------------------+-----
Armour         | 2 3 4 5 |  5.7
Dodging        | 2 3 4 5 |  5.7
Axes           | 3 4 5 6 |  6.1
Fighting       | 4 5 6 |  6.7

Action                   |  1- 3 |  4- 6 |  7- 9 || total
-------------------------+-------+-------+-------++-------
Melee: Hand axe          |    77 |    64 |       ||   141
       Headbutt          |     5 |    16 |    38 ||    59
       War axe           |       |    41 |   158 ||   199
Invok: Berserk           |     2 |     4 |     6 ||    12
       Trog's Hand       |     1 |     4 |     6 ||    11
  Use: Scroll            |       |     9 |     4 ||    13
       Potion            |       |     2 |     7 ||     9
 Stab: Sleeping          |       |     3 |     5 ||     8
       Invisible         |       |       |     2 ||     2
Armor: Leather armour    |    22 |    17 |    64 ||   103
       Ring mail         |       |     6 |     9 ||    15
       Skin              |       |       |    31 ||    31
Dodge: Dodged            |    65 |    63 |   159 ||   287
Block: Other             |       |       |    40 ||    40
